[Event "Titled Tuesday Blitz June 13 Early 2023"]
[White "Shimanov, Aleksandr"]
[Black "Kucuksari, Kaan"]
[WhiteFideId "4198603"]
[BlackFideId "6380166"]
[WhiteElo "2631"]
[BlackElo "2364"]
[Result "1-0"]
[Round "5"]
[TimeControl "180+2"]
[Date "2023.06.13"]
[WhiteClock "0:00:18"]
[BlackClock "0:00:00"]
[Board "25"]

1. d4 d5 2. Nf3 Nf6 3. c3 Bf5 4. Qb3 Qc8 5. Bf4 e6 6. c4 dxc4 7. Qxc4 Nd5 8. Bg3 Bxb1 9. Rxb1 Bb4+ 10. Kd1 Nc6 11. e3 O-O 12. Bd3 h6 13. Ke2 Bd6 14. Rhc1 Ncb4 15. Be4 Nb6 16. Qb3 Bxg3 17. hxg3 N4d5 18. Ne5 Qd8 19. Nd3 c6 20. Nc5 Rb8 21. a3 Nd7 22. Nd3 Qe7 23. Kf1 Rfc8 24. Qa4 a6 25. b4 N5f6 26. Bf3 e5 27. dxe5 Nxe5 28. Nc5 Rd8 29. Rd1 Nxf3 30. gxf3 Nd5 31. Qc2 Qf6 32. Kg2 Nc3 33. Rxd8+ Rxd8 34. Rc1 Nd5 35. Nxb7 Re8 36. e4 Ne7 37. Nc5 Ng6 38. Nd3 Rc8 39. Qc3 Qe6 40. Nc5 Qe7 41. Rd1 Ne5 42. f4 Ng6 43. e5 Nf8 44. Rd6 g6 45. Qd3 Rc7 46. Nxa6 Rc8 47. Nc5 Kg7 48. a4 Ra8 49. a5 Rb8 50. Qd4 Ra8 51. e6+ Kh7 52. exf7 Qxf7 53. a6 Ra7 54. Rd8 Qe7 55. Ne6 Qxe6 56. Qxa7+ Kg8 57. Qc5 Qe4+ 58. Kh2 1-0


[Site "https://www.chess.com"]

[Event "Titled Tuesday Blitz June 13 Early 2023"]
[White "Darini, Pouria"]
[Black "Sviridov, Valery"]
[WhiteFideId "12502200"]
[BlackFideId "4120680"]
[WhiteElo "2482"]
[BlackElo "2457"]
[Result "0-1"]
[Round "5"]
[TimeControl "180+2"]
[Date "2023.06.13"]
[WhiteClock "0:00:00"]
[BlackClock "0:01:09"]
[Board "26"]

1. e4 Nf6 2. Nc3 d6 3. d4 c6 4. a4 Nbd7 5. Nf3 e5 6. Bc4 Be7 7. O-O O-O 8. a5 Qc7 9. Re1 Rb8 10. h3 b5 11. axb6 axb6 12. Bf1 b5 13. b4 Re8 14. Bb2 Bf8 15. d5 Bb7 16. dxc6 Bxc6 17. Nd2 d5 18. exd5 Nxd5 19. Nxd5 Bxd5 20. c3 Red8 21. Ra5 Bc6 22. Qc2 Nf6 23. Nb3 h6 24. Raa1 Nd5 25. Na5 Ba8 26. Rac1 Nf4 27. Red1 Re8 28. Qf5 Re6 29. c4 Bxb4 30. Nb3 g6 31. Qg4 h5 32. Qg5 Be7 33. cxb5 Qxc1 34. Qxe7 Qxd1 0-1


[Site "https://www.chess.com"]

[Event "Titled Tuesday Blitz June 13 Early 2023"]
[White "Lenderman, Aleksandr"]
[Black "Nazari, Arad"]
[WhiteFideId "2021285"]
[BlackFideId "12577324"]
[WhiteElo "2607"]
[BlackElo "2175"]
[Result "0-1"]
[Round "5"]
[TimeControl "180+2"]
[Date "2023.06.13"]
[WhiteClock "0:01:10"]
[BlackClock "0:00:10"]
[Board "27"]

1. Nf3 c5 2. d4 cxd4 3. c3 dxc3 4. Nxc3 g6 5. e4 Bg7 6. e5 Nc6 7. Bc4 Nh6 8. h3 O-O 9. O-O d6 10. exd6 Qxd6 11. Qxd6 exd6 12. Nb5 Nf5 13. Rd1 Ne5 14. Be2 Nxf3+ 15. Bxf3 Be5 16. g4 Bd7 17. Nc7 Rac8 18. Nd5 Nd4 19. Bg2 Rfe8 20. Bg5 Kg7 21. f4 Ne2+ 22. Kh1 Bxb2 23. Rab1 Nc3 24. Bf6+ Kf8 25. Rxb2 Nxd1 26. Rxb7 Bc6 27. Rxa7 Ne3 28. Nxe3 Rxe3 29. Bxc6 Rxc6 30. Ra8+ Re8 31. Bg7+ Ke7 32. Ra7+ Ke6 33. Ra5 Rc2 34. f5+ Kd7 35. Ra7+ Kc6 36. Bd4 Re1+ 37. Bg1 Rcc1 38. Rxf7 Rxg1+ 39. Kh2 gxf5 40. Rxf5 Rgf1 41. Ra5 Rf3 42. Kg2 Rd3 43. Ra8 Rc2+ 44. Kf1 Rd1# 0-1


[Site "https://www.chess.com"]

[Event "Titled Tuesday Blitz June 13 Early 2023"]
[White "Ivanchuk, Vasyl"]
[Black "Ashraf, Artin"]
[WhiteFideId "14100010"]
[BlackFideId "22514805"]
[WhiteElo "2710"]
[BlackElo "2224"]
[Result "0-1"]
[Round "5"]
[TimeControl "180+2"]
[Date "2023.06.13"]
[WhiteClock "0:00:09"]
[BlackClock "0:00:05"]
[Board "28"]

1. d4 Nf6 2. c4 e6 3. Nc3 d5 4. cxd5 exd5 5. Bg5 c6 6. e3 h6 7. Bh4 g6 8. Bd3 Bg7 9. b4 O-O 10. Nge2 Nbd7 11. O-O Re8 12. Rc1 a6 13. a4 b5 14. a5 Bf8 15. Na2 Bb7 16. Rc2 Bd6 17. Bg3 Nf8 18. Bxd6 Qxd6 19. Nec1 Rac8 20. Nb3 Rc7 21. Re1 h5 22. f3 Rce7 23. Rce2 Ne6 24. Qd2 h4 25. Nac1 h3 26. g3 Ng5 27. Rf2 Bc8 28. Nc5 Kg7 29. Bf1 Qd8 30. N1d3 Ne6 31. Ne5 Nxc5 32. Nxc6 Nce4 33. fxe4 Nxe4 34. Nxd8 Nxd2 35. Rxd2 Rxd8 36. Rc2 Bf5 37. Rc6 Rc8 38. Rxc8 Bxc8 39. Rc1 Bf5 40. Kf2 Re8 41. Kf3 Kf6 42. g4 Be4+ 43. Kg3 Bg2 44. Bxg2 hxg2 45. Re1 Rxe3+ 0-1


[Site "https://www.chess.com"]

[Event "Titled Tuesday Blitz June 13 Early 2023"]
[White "Bok, Benjamin"]
[Black "Koshulyan, Egor A."]
[WhiteFideId "1017063"]
[BlackFideId "24237000"]
[WhiteElo "2657"]
[BlackElo "2216"]
[Result "1-0"]
[Round "5"]
[TimeControl "180+2"]
[Date "2023.06.13"]
[WhiteClock "0:00:11"]
[BlackClock "0:00:07"]
[Board "29"]

1. d4 Nf6 2. c4 e6 3. Nc3 d5 4. cxd5 exd5 5. Bg5 c6 6. e3 Be7 7. Bd3 Nbd7 8. h3 Nf8 9. Qc2 Ne6 10. Bh4 g6 11. Nf3 Ng7 12. O-O Bf5 13. Rab1 a5 14. a3 O-O 15. Rfc1 Bxd3 16. Qxd3 Nf5 17. Bxf6 Bxf6 18. b4 axb4 19. axb4 b5 20. Ne2 Rc8 21. Ne5 Qe8 22. Qc3 Bxe5 23. dxe5 Qe7 24. Nd4 Qxe5 25. Nxc6 Qxc3 26. Rxc3 Rc7 27. Rbc1 Nd6 28. Rc5 Nc4 29. Rd1 Nb6 30. Nd4 Rxc5 31. bxc5 Na4 32. c6 Rc8 33. Rb1 Rb8 34. Rxb5 Rc8 35. Rxd5 Nc3 36. Rd7 Ne4 37. c7 Kg7 38. Nb5 1-0


[Site "https://www.chess.com"]

[Event "Titled Tuesday Blitz June 13 Early 2023"]
[White "Sadykov, Ramil"]
[Black "Madaminov, Mukhiddin"]
[WhiteFideId "24113590"]
[BlackFideId "14210703"]
[WhiteElo "2245"]
[BlackElo "2511"]
[Result "0-1"]
[Round "5"]
[TimeControl "180+2"]
[Date "2023.06.13"]
[WhiteClock "0:00:02"]
[BlackClock "0:02:02"]
[Board "30"]

1. d4 e6 2. e4 d5 3. exd5 exd5 4. Bd3 Nc6 5. c3 Bd6 6. Qf3 Nge7 7. Bf4 Bxf4 8. Qxf4 O-O 9. Ne2 Ng6 10. Qg3 Nce7 11. O-O Bf5 12. Nd2 c6 13. Rfe1 Qd7 14. Bxf5 Nxf5 15. Qh3 Rad8 16. Ng3 Nd6 17. Qxd7 Rxd7 18. f3 f5 19. Re6 Nf4 20. Re5 Nd3 21. Re2 Nxb2 22. Nb3 Na4 23. Rc1 f4 24. Nh1 Nb5 25. Nc5 Nxc5 26. dxc5 d4 27. cxd4 Nxd4 28. Rb2 Re8 29. Nf2 Ne2+ 0-1


[Site "https://www.chess.com"]

[Event "Titled Tuesday Blitz June 13 Early 2023"]
[White "Sjugirov, Sanan"]
[Black "De Silva, L M S T"]
[WhiteFideId "4189302"]
[BlackFideId "9953698"]
[WhiteElo "2569"]
[BlackElo "2395"]
[Result "1-0"]
[Round "5"]
[TimeControl "180+2"]
[Date "2023.06.13"]
[WhiteClock "0:00:09"]
[BlackClock "0:00:04"]
[Board "31"]

1. e4 e5 2. Nf3 Nc6 3. Bb5 a6 4. Ba4 Nf6 5. O-O Be7 6. d3 b5 7. Bb3 O-O 8. a4 Bb7 9. Re1 d6 10. Nbd2 Nb8 11. c3 Nbd7 12. Bc2 c5 13. Nf1 Re8 14. Ng3 Nf8 15. d4 Ng6 16. d5 Qc7 17. h3 c4 18. Be3 Nd7 19. Nf5 Bf8 20. h4 Ne7 21. Ng3 Nc5 22. h5 g6 23. Nh2 Bg7 24. Ng4 Rf8 25. axb5 axb5 26. Rxa8 Bxa8 27. Nh6+ Kh8 28. hxg6 fxg6 29. Ng4 Bb7 30. Qd2 Bc8 31. Nh2 Bd7 32. Ra1 Na4 33. Bd1 Ra8 34. Nf3 Qb7 35. Ng5 Kg8 36. Ne6 Bf6 37. Bg5 Bxg5 38. Qxg5 Bxe6 39. dxe6 Nc6 40. Nf5 Nc5 41. Rxa8+ Qxa8 42. Qf6 Qf8 43. Qxf8+ Kxf8 44. Nxd6 Ke7 45. Nxb5 Kxe6 46. Na3 Na5 47. Be2 Nd3 48. Bxd3 cxd3 49. Kf1 Nb3 50. Ke1 Kd6 51. Nc4+ Ke6 52. Nd2 Nc5 53. f3 Na4 54. Nc4 Nc5 55. Kd2 g5 56. b4 1-0


[Site "https://www.chess.com"]

[Event "Titled Tuesday Blitz June 13 Early 2023"]
[White "Kevlishvili, Robby"]
[Black "Veiga, Jose Francisco R P Neves"]
[WhiteFideId "1040634"]
[BlackFideId "1930087"]
[WhiteElo "2572"]
[BlackElo "2319"]
[Result "1-0"]
[Round "5"]
[TimeControl "180+2"]
[Date "2023.06.13"]
[WhiteClock "0:00:08"]
[BlackClock "0:00:05"]
[Board "32"]

1. e4 c5 2. Nf3 e6 3. b3 b6 4. Bd3 Bb7 5. O-O Nc6 6. Re1 d6 7. c3 Nf6 8. Bc2 Be7 9. Bb2 O-O 10. d4 cxd4 11. cxd4 Rc8 12. Nc3 a6 13. Qd2 b5 14. Rad1 Qb6 15. d5 Nb4 16. Bb1 a5 17. Nd4 e5 18. Ndxb5 Ba6 19. a3 Bxb5 20. axb4 axb4 21. Nxb5 Qxb5 22. Bd3 Qb6 23. Ra1 Nd7 24. Ra4 Rb8 25. Ra6 Qb7 26. Rea1 Ra8 27. Rxa8 Rxa8 28. Rxa8+ Qxa8 29. Qxb4 Nc5 30. Bb1 Qa6 31. Qc4 Qxc4 32. bxc4 Bd8 33. Bc2 Bb6 34. Kf1 Kf8 35. Ke2 Ke7 36. g3 f6 37. f4 g6 38. Kf3 h5 39. h4 Ba5 40. fxe5 fxe5 41. Bc1 Be1 42. Bg5+ Kd7 43. g4 hxg4+ 44. Kxg4 Ke8 45. Be3 Kf7 46. Kg5 Bg3 47. Kg4 Be1 48. Bg5 Bf2 49. Kf3 Be1 50. Ke3 Bb4 51. Bd1 Bc3 52. Bg4 Bb4 53. Bc8 Bc3 54. Kf3 Bb4 55. Be3 Ba3 56. Bd2 Bb2 57. Ba5 Bd4 58. Bc7 Ke7 59. Bh3 Nd3 60. Bf1 Nc5 61. Be2 Na4 62. Bd1 Nc5 63. Bc2 Nb7 64. Kg4 Nc5 65. Kg5 Bf2 66. Bb6 Nxe4+ 67. Bxe4 Bxb6 68. Kxg6 Kf8 69. Kh7 Be3 70. Bg6 Ke7 71. Kg7 Kd8 72. h5 Kc7 73. h6 Bxh6+ 74. Kxh6 Kb6 75. Bd3 Kc5 76. Kg6 Kd4 77. Bf1 Ke3 78. Kf6 Kf2 79. Bd3 Ke3 80. Bg6 Kd4 81. Ke6 Kxc4 82. Kxd6 Kd4 83. Kc6 e4 84. Bxe4 1-0


[Site "https://www.chess.com"]

[Event "Titled Tuesday Blitz June 13 Early 2023"]
[White "Tari, Aryan"]
[Black "Zochowski, Kacper"]
[WhiteFideId "1510045"]
[BlackFideId "1125494"]
[WhiteElo "2586"]
[BlackElo "2235"]
[Result "1-0"]
[Round "5"]
[TimeControl "180+2"]
[Date "2023.06.13"]
[WhiteClock "0:00:37"]
[BlackClock "0:00:00"]
[Board "33"]

1. d4 d6 2. Nf3 Nf6 3. Nbd2 Nbd7 4. e4 e5 5. c3 Be7 6. Bd3 O-O 7. O-O c6 8. Re1 b5 9. Nf1 Re8 10. Ng3 g6 11. Bh6 a6 12. h3 Bf8 13. Qd2 Bg7 14. Nf5 Bxh6 15. Nxh6+ Kg7 16. Ng5 Qe7 17. Ngxf7 Rf8 18. Qg5 Nb6 19. Nxd6 Qxd6 20. dxe5 Qxd3 21. exf6+ Rxf6 22. Rad1 Qc4 23. e5 Rf4 24. b3 Qe4 25. Rxe4 Rxe4 26. f3 Re2 27. Qf6+ Kxh6 28. Qf8+ Kh5 29. Rd4 Bf5 30. Rh4+ Kxh4 31. Qh6+ Kg3 32. Qg5+ 1-0


[Site "https://www.chess.com"]

[Event "Titled Tuesday Blitz June 13 Early 2023"]
[White "Ahmadzada, Ahmad"]
[Black "Agibileg, Uurtsaikh"]
[WhiteFideId "13413007"]
[BlackFideId "4901606"]
[WhiteElo "2388"]
[BlackElo "2353"]
[Result "1-0"]
[Round "5"]
[TimeControl "180+2"]
[Date "2023.06.13"]
[WhiteClock "0:00:02"]
[BlackClock "0:00:03"]
[Board "34"]

1. Nf3 Nf6 2. g3 g6 3. Bg2 Bg7 4. O-O O-O 5. Re1 c5 6. e4 d6 7. e5 dxe5 8. Nxe5 Nfd7 9. Nxd7 Nxd7 10. Nc3 Ne5 11. d3 Bg4 12. f3 Bd7 13. Be3 Rc8 14. h3 b6 15. f4 Nc6 16. Kh2 Nd4 17. Qd2 Bc6 18. Bxc6 Rxc6 19. Qg2 Qd7 20. a4 h5 21. Rad1 Re6 22. Ne4 Nf5 23. Bc1 Rd8 24. b3 Bd4 25. g4 hxg4 26. hxg4 Nd6 27. f5 Nxe4 28. dxe4 Be5+ 29. Kh3 Rd6 30. Rxd6 Qxd6 31. Qf3 Kg7 32. Kg2 Rh8 33. Rh1 Rxh1 34. Kxh1 Qd4 35. Kg2 Qc3 36. Qxc3 Bxc3 37. Bf4 a6 38. Be3 Kf6 39. Kf3 Ke5 40. Bf4+ Kd4 41. Bg5 gxf5 42. exf5 Ba5 43. Bxe7 Kc3 44. g5 Kxc2 45. Bf6 Bd2 46. g6 fxg6 47. fxg6 Bh6 48. Bg5 Bg7 49. Ke4 Kxb3 50. Kf5 c4 51. Bf6 Bf8 52. Ke6 c3 53. Kf7 Bh6 54. Be5 c2 55. Bf4 c1=Q 56. Bxc1 Bxc1 57. g7 Kxa4 58. g8=Q b5 59. Qg4+ Ka3 60. Ke6 b4 61. Kd5 b3 62. Kc4 a5 63. Qf3 a4 64. Qc3 Ka2 65. Qxc1 b2 66. Qc2 a3 67. Qb3+ Kb1 68. Kc3 Kc1 69. Qc2# 1-0


[Site "https://www.chess.com"]

[Event "Titled Tuesday Blitz June 13 Early 2023"]
[White "Galchenko, Matvey"]
[Black "Miranda, Rafael"]
[WhiteFideId "24175480"]
[BlackFideId "130990"]
[WhiteElo "2423"]
[BlackElo "2204"]
[Result "1-0"]
[Round "5"]
[TimeControl "180+2"]
[Date "2023.06.13"]
[WhiteClock "0:00:09"]
[BlackClock "0:00:25"]
[Board "35"]

1. f4 d6 2. Nf3 g6 3. g3 Bg7 4. Bg2 Nf6 5. d3 O-O 6. O-O c5 7. Nc3 Nc6 8. e4 e6 9. h3 b6 10. g4 Nd7 11. Ne2 Bb7 12. Ng3 Nd4 13. g5 f5 14. gxf6 Qxf6 15. c3 Nxf3+ 16. Qxf3 Rae8 17. Be3 d5 18. e5 Qh4 19. Qg4 Qxg4 20. hxg4 g5 21. d4 gxf4 22. Bxf4 cxd4 23. cxd4 Rc8 24. Rf2 Nb8 25. Nh5 Nc6 26. Rd1 Bh8 27. g5 Rce8 28. Nf6+ Bxf6 29. exf6 Ba6 30. Bf3 Rc8 31. Bg4 Kf7 32. Rh2 Rh8 33. Bh5+ Kf8 34. Bd6+ Kg8 35. Rc1 Bc4 36. b3 Bd3 37. Rxc6 Rxc6 38. f7+ Kg7 39. Be5+ Kf8 40. Bxh8 Bg6 41. Bxg6 hxg6 42. Rf2 Rc1+ 43. Kh2 Rc8 44. Be5 Rd8 45. Kg3 Rd7 46. Bg7+ Kxg7 47. f8=Q+ 1-0


[Site "https://www.chess.com"]

[Event "Titled Tuesday Blitz June 13 Early 2023"]
[White "Kashlinskaya, Alina"]
[Black "Arutinian, David"]
[WhiteFideId "4198026"]
[BlackFideId "13601741"]
[WhiteElo "2383"]
[BlackElo "2525"]
[Result "0-1"]
[Round "5"]
[TimeControl "180+2"]
[Date "2023.06.13"]
[WhiteClock "0:00:02"]
[BlackClock "0:01:08"]
[Board "36"]

1. Nf3 Nf6 2. g3 b5 3. Bg2 Bb7 4. O-O e6 5. a4 b4 6. d4 c5 7. c4 Na6 8. b3 cxd4 9. Nxd4 Bxg2 10. Kxg2 Qc8 11. Bb2 Nc5 12. Nd2 Be7 13. Qc2 Qb7+ 14. Kg1 O-O 15. Rad1 Rac8 16. Qb1 h6 17. Rfe1 d5 18. cxd5 Nxd5 19. Nc4 Rfd8 20. e4 Nc3 21. Bxc3 bxc3 22. Qc2 Qb4 23. e5 Nxb3 24. Nxb3 Qxc4 25. Na5 Qb4 26. Rxd8+ Bxd8 27. Nb3 Qxa4 28. Ra1 Qd7 29. Rd1 Qb5 30. Rd3 Qxe5 31. Nd4 Bb6 32. Ne2 Ba5 33. Rd7 Qc5 34. Nd4 Bb6 35. Nb3 Qf5 36. Qxf5 exf5 37. Kf1 c2 38. Nc1 Bc5 39. Ke2 a5 40. Kd2 Bb4+ 41. Kd3 g6 42. Ra7 Kg7 43. f4 h5 44. h3 Rc3+ 45. Kd4 0-1


[Site "https://www.chess.com"]

[Event "Titled Tuesday Blitz June 13 Early 2023"]
[White "Harsha Bharathakoti"]
[Black "Asavasaetakul, Chawit"]
[WhiteFideId "5078776"]
[BlackFideId "6204856"]
[WhiteElo "2504"]
[BlackElo "1919"]
[Result "1-0"]
[Round "5"]
[TimeControl "180+2"]
[Date "2023.06.13"]
[WhiteClock "0:00:28"]
[BlackClock "0:00:02"]
[Board "37"]

1. Nf3 d5 2. g3 c6 3. Bg2 Nf6 4. O-O Bf5 5. c4 e6 6. Qb3 Qb6 7. d3 Nbd7 8. Be3 Bc5 9. Bxc5 Nxc5 10. Qc2 O-O 11. Nbd2 h6 12. Rab1 Rac8 13. b4 Ncd7 14. h3 Rfe8 15. Rfe1 Bh7 16. Qc3 e5 17. e4 dxe4 18. c5 Qa6 19. dxe4 Rcd8 20. Bf1 Qa4 21. Bc4 b5 22. Bd3 Nf8 23. a3 Ne6 24. Nxe5 Nd4 25. f4 Qa6 26. Re3 Qc8 27. Kh2 Ne6 28. Nef3 Qc7 29. e5 Nd5 30. Bxh7+ Kh8 31. Qb3 Nxe3 32. Qxe3 Kxh7 33. Ne4 Nf8 34. Nd6 Re7 35. Re1 Kg8 36. Nd4 Ne6 37. N4f5 Red7 38. Qf3 a5 39. Qg4 axb4 40. axb4 Ra8 41. Nxh6+ Kf8 42. Nhxf7 Ra2+ 43. Kh1 Rxf7 44. Qxe6 Re7 45. Qxa2 Qb8 46. f5 1-0


[Site "https://www.chess.com"]

[Event "Titled Tuesday Blitz June 13 Early 2023"]
[White "Haug, Havard"]
[Black "Timofeev, Artyom"]
[WhiteFideId "1547887"]
[BlackFideId "4140419"]
[WhiteElo "2396"]
[BlackElo "2570"]
[Result "0-1"]
[Round "5"]
[TimeControl "180+2"]
[Date "2023.06.13"]
[WhiteClock "0:00:01"]
[BlackClock "0:00:19"]
[Board "38"]

1. e4 e5 2. Nc3 Nc6 3. Bc4 Nf6 4. d3 Bb4 5. Ne2 d5 6. exd5 Nxd5 7. Bxd5 Qxd5 8. O-O Qd8 9. f4 O-O 10. Be3 exf4 11. Nxf4 Re8 12. Bd2 Ne5 13. Ne4 Bf8 14. Bc3 Bf5 15. Ng3 Bg4 16. Qd2 Ng6 17. Nxg6 hxg6 18. Qf4 Be6 19. Ne4 Bf5 20. Ng3 Bd6 21. Qf3 Bxg3 22. Qxg3 c5 23. Rae1 Qd5 24. a3 b5 25. Rxe8+ Rxe8 26. Re1 Rc8 27. Qe5 Qxe5 28. Rxe5 b4 29. axb4 cxb4 30. Bxb4 Rxc2 31. Bc3 Bxd3 32. Re8+ Kh7 33. Re7 Bc4 34. Rd7 Rc1+ 35. Kf2 a6 36. Kg3 Rf1 37. h3 g5 38. h4 gxh4+ 39. Kxh4 Kg6 40. Kg3 f6 41. Rd4 Bb5 42. Rf4 Rd1 43. Rf2 Rd3+ 44. Rf3 Rd5 45. Kf2 Bc6 46. Kg1 Kf7 47. Rf2 Rg5 48. Kf1 Rg4 49. Kg1 Be4 50. Kh2 f5 51. g3 Rg6 52. Rf4 Rh6+ 53. Rh4 Rc6 54. Rh7 Rg6 55. Rh4 Kg8 56. Rf4 Rd6 57. Rh4 Rd1 58. Rxe4 fxe4 59. Kg2 Rd3 60. Kf2 g6 0-1


[Site "https://www.chess.com"]

[Event "Titled Tuesday Blitz June 13 Early 2023"]
[White "Domingo Nunez, Alejandro"]
[Black "Zemlyanskii, Ivan"]
[WhiteFideId "22245561"]
[BlackFideId "24249971"]
[WhiteElo "2291"]
[BlackElo "2421"]
[Result "1/2-1/2"]
[Round "5"]
[TimeControl "180+2"]
[Date "2023.06.13"]
[WhiteClock "0:00:03"]
[BlackClock "0:00:07"]
[Board "39"]

1. Nf3 d5 2. g3 Nf6 3. Bg2 c5 4. O-O e6 5. d4 cxd4 6. Nxd4 e5 7. Nb3 Be6 8. Bg5 Nbd7 9. Nc3 Be7 10. f4 exf4 11. gxf4 Nb6 12. f5 Bd7 13. Bxf6 Bxf6 14. Nxd5 Bxb2 15. Rb1 Be5 16. f6 gxf6 17. Nc5 Bc6 18. e4 Rc8 19. Ne6 fxe6 20. Qh5+ Kd7 21. Nxf6+ Bxf6 22. Rbd1+ Kc7 23. Rxd8 Rcxd8 24. Rxf6 Rhg8 25. Qe5+ Kc8 26. Qxe6+ Kb8 27. Qe5+ Ka8 28. Rd6 Rde8 29. Re6 Rd8 30. Rd6 Rde8 31. Re6 Rd8 32. Rd6 1/2-1/2


[Site "https://www.chess.com"]

[Event "Titled Tuesday Blitz June 13 Early 2023"]
[White "Harutjunyan, Gevorg"]
[Black "ArtemDyachuk"]
[WhiteFideId "13300873"]
[WhiteElo "2474"]
[BlackElo "2628"]
[Result "1-0"]
[Round "5"]
[TimeControl "180+2"]
[Date "2023.06.13"]
[WhiteClock "0:00:28"]
[BlackClock "0:00:00"]
[Board "40"]

1. e4 c5 2. Nf3 Nc6 3. Bb5 g6 4. O-O Bg7 5. c3 a6 6. Ba4 b5 7. Bc2 Bb7 8. Re1 Nf6 9. a4 O-O 10. Na3 d5 11. e5 Nd7 12. d4 cxd4 13. cxd4 b4 14. Nb1 Rc8 15. Nbd2 Qc7 16. Bd3 Na5 17. Nf1 Nb6 18. h4 Qd7 19. e6 fxe6 20. N1h2 Nc6 21. Ng4 Nxd4 22. Nfe5 Qe8 23. Be3 Nf5 24. Bxb6 h5 25. Nh2 Nxh4 26. Bd4 Nf5 27. Bxf5 Rxf5 28. Nef3 Qf7 29. Qe2 Rc6 30. Bxg7 Qxg7 31. Rad1 e5 32. Rxd5 Rd6 33. Rxe5 Rxe5 34. Nxe5 Rf6 35. Qc4+ Kh7 36. Nhf3 e6 37. Ng5+ Kh6 38. Qc1 1-0


[Site "https://www.chess.com"]

[Event "Titled Tuesday Blitz June 13 Early 2023"]
[White "Chernobay, Artem"]
[Black "Beerdsen, Thomas"]
[WhiteFideId "4167406"]
[BlackFideId "1030108"]
[WhiteElo "2474"]
[BlackElo "2553"]
[Result "0-1"]
[Round "5"]
[TimeControl "180+2"]
[Date "2023.06.13"]
[WhiteClock "0:00:00"]
[BlackClock "0:00:40"]
[Board "41"]

1. d4 Nf6 2. c4 a6 3. Nc3 b5 4. cxb5 axb5 5. Nxb5 e5 6. dxe5 Ne4 7. Nc3 Bb4 8. Bd2 Nxd2 9. Qxd2 O-O 10. Nf3 Bb7 11. g3 Nc6 12. Bg2 Nxe5 13. O-O Nc4 14. Qc2 Rb8 15. a3 Be7 16. b4 Bf6 17. Qb3 d5 18. Rfd1 Qe7 19. Rac1 c6 20. e4 Rfd8 21. exd5 cxd5 22. Nd4 g6 23. Nxd5 Bxd5 24. Bxd5 Rxd5 25. Nc6 Rxd1+ 26. Rxd1 Qe2 27. Nxb8 Nd2 28. Rxd2 Qxd2 29. Nc6 Qc1+ 30. Kg2 Qxc6+ 31. Qf3 Qd6 32. Qe4 Bd4 33. b5 Bb6 34. a4 Qc5 35. Qf3 Kg7 36. h4 h5 37. Qe2 Qd4 38. Qc2 Qd5+ 39. Kg1 Qe5 40. Kg2 Kh7 41. f3 Qd4 0-1


[Site "https://www.chess.com"]

[Event "Titled Tuesday Blitz June 13 Early 2023"]
[White "Ahmad, Khagan"]
[Black "Wojtaszek, Radoslaw"]
[WhiteFideId "13431552"]
[BlackFideId "1118358"]
[WhiteElo "2209"]
[BlackElo "2586"]
[Result "0-1"]
[Round "5"]
[TimeControl "180+2"]
[Date "2023.06.13"]
[WhiteClock "0:00:08"]
[BlackClock "0:00:14"]
[Board "42"]

1. e4 c6 2. d4 d5 3. Nc3 dxe4 4. Nxe4 Nd7 5. Ng5 Ngf6 6. Bd3 e6 7. N1f3 Bd6 8. Qe2 h6 9. Ne4 Nxe4 10. Qxe4 Qc7 11. c3 b6 12. Qg4 Kf8 13. g3 Bb7 14. Bf4 Bxf4 15. gxf4 Nf6 16. Qg3 Nh5 17. Qg4 Nxf4 18. Kd2 Nxd3 19. Kxd3 c5 20. Rhg1 f5 21. Qh3 Bxf3 22. Qxf3 Rd8 23. Rae1 cxd4 24. cxd4 Qd6 25. Qe3 Kf7 26. f4 Rhe8 27. Rg2 Re7 28. Reg1 Kf8 29. Rg6 Qd5 30. b3 e5 31. fxe5 Rxe5 32. Qf2 Re4 33. Rxg7 Rxd4+ 34. Kc3 Qc5+ 35. Kb2 Rd2+ 0-1


[Site "https://www.chess.com"]

[Event "Titled Tuesday Blitz June 13 Early 2023"]
[White "Rahman, Masruri"]
[Black "ATM622"]
[WhiteFideId "7101163"]
[WhiteElo "2256"]
[BlackElo "2584"]
[Result "1/2-1/2"]
[Round "5"]
[TimeControl "180+2"]
[Date "2023.06.13"]
[WhiteClock "0:00:05"]
[BlackClock "0:00:51"]
[Board "43"]

1. d4 Nf6 2. Bf4 e6 3. e3 d5 4. Nd2 c5 5. c3 Nc6 6. Ngf3 Bd6 7. Bg3 O-O 8. Bd3 Re8 9. Ne5 Qc7 10. f4 b6 11. Bh4 Be7 12. Qf3 Bb7 13. Qh3 Nxe5 14. fxe5 Ne4 15. Nf3 Bxh4+ 16. Qxh4 Qe7 17. Qh5 f5 18. exf6 Qxf6 19. O-O Rf8 20. Bxe4 dxe4 21. Ng5 Qg6 22. Qxg6 hxg6 23. Nxe6 Rxf1+ 24. Rxf1 cxd4 25. Nxd4 Ba6 26. Rf4 Bd3 27. Rg4 Kf7 28. h4 Kf6 29. Rg5 Rh8 30. g3 Rh5 31. Rxh5 gxh5 32. Kf2 a5 33. Ke1 g5 34. Kd2 Bb1 35. a4 Bd3 36. b3 Bf1 37. b4 Bd3 38. bxa5 bxa5 39. Ke1 Bc4 40. Kf2 gxh4 41. gxh4 Bd5 42. Kg3 Ke5 43. Kg2 Kf6 44. Kg3 Ke5 45. Kf2 Kf6 46. Ke2 Bc4+ 47. Kf2 Ke5 48. Kg3 Bd5 1/2-1/2


[Site "https://www.chess.com"]

[Event "Titled Tuesday Blitz June 13 Early 2023"]
[White "Perez Ponsa, Federico"]
[Black "Camilla_Lee"]
[WhiteFideId "117927"]
[WhiteElo "2590"]
[BlackElo "2580"]
[Result "0-1"]
[Round "5"]
[TimeControl "180+2"]
[Date "2023.06.13"]
[WhiteClock "0:00:17"]
[BlackClock "0:00:20"]
[Board "44"]

1. e4 e5 2. Nf3 Nc6 3. d4 exd4 4. Nxd4 Nf6 5. Nxc6 bxc6 6. Bd3 d5 7. exd5 cxd5 8. O-O Bg4 9. Bb5+ Bd7 10. Re1+ Be7 11. Qe2 Bxb5 12. Qxb5+ Qd7 13. Qxd7+ Kxd7 14. Nc3 Bb4 15. Bd2 Rhe8 16. Red1 Kc6 17. a3 Bd6 18. Bg5 Be5 19. Bxf6 Bxf6 20. Nxd5 Bxb2 21. Nb4+ Kb7 22. Rab1 Bxa3 23. Nd3+ Kc6 24. Rb3 Bd6 25. Rc3+ Kd7 26. Kf1 a5 27. Nc5+ Kc8 28. Na4 Ra6 29. g3 Re4 30. Nc5 Bxc5 31. Rxc5 a4 32. Ra1 a3 33. Rb5 a2 34. Rb2 Rea4 35. Ke2 Kd7 36. Kd3 Kd6 37. Kc3 Ra3+ 38. Rb3 Rxb3+ 39. Kxb3 Kd5 40. Rxa2 Rxa2 41. Kxa2 Ke4 42. Kb3 Kf3 43. Kc4 Kxf2 44. Kd5 Kg2 45. c4 f5 46. Kc6 g5 47. Kxc7 f4 48. gxf4 gxf4 49. c5 f3 50. c6 f2 51. Kd7 f1=Q 52. c7 Qd3+ 53. Ke8 Qc4 54. Kd8 Qd5+ 55. Ke7 Qc6 56. Kd8 Qd6+ 57. Kc8 Kxh2 58. Kb7 Qb4+ 59. Ka7 Qc5+ 60. Kb8 Qb6+ 61. Ka8 Qc6+ 62. Kb8 h5 63. c8=Q Qxc8+ 64. Kxc8 h4 0-1


[Site "https://www.chess.com"]

[Event "Titled Tuesday Blitz June 13 Early 2023"]
[White "Vakhlamov, Igor L."]
[Black "Deng, Henry"]
[WhiteFideId "24126748"]
[BlackFideId "30965454"]
[WhiteElo "2407"]
[BlackElo "2572"]
[Result "1-0"]
[Round "5"]
[TimeControl "180+2"]
[Date "2023.06.13"]
[WhiteClock "0:01:31"]
[BlackClock "0:01:18"]
[Board "45"]

1. e4 c5 2. Nf3 e6 3. Nc3 Nc6 4. d4 cxd4 5. Nxd4 Nf6 6. Nxc6 bxc6 7. Bd3 d5 8. O-O Be7 9. Qf3 O-O 10. Re1 d4 11. Ne2 e5 12. h3 Be6 13. Ng3 Nd7 14. Nf5 Kh8 15. b3 Bb4 16. Re2 g6 17. Nh6 Qh4 18. Rb1 a5 19. Bc4 Bxc4 20. bxc4 Qe7 21. a3 Bd6 22. Rb7 Rab8 23. Rxd7 1-0


[Site "https://www.chess.com"]

[Event "Titled Tuesday Blitz June 13 Early 2023"]
[White "Ilamparthi A R"]
[Black "Arat, Ufuk Sezen"]
[WhiteFideId "45015775"]
[BlackFideId "6309089"]
[WhiteElo "2348"]
[BlackElo "2289"]
[Result "1-0"]
[Round "5"]
[TimeControl "180+2"]
[Date "2023.06.13"]
[WhiteClock "0:00:30"]
[BlackClock "0:00:02"]
[Board "46"]

1. e4 c5 2. Nf3 e6 3. d3 d5 4. Qe2 Nf6 5. g3 dxe4 6. dxe4 b6 7. Bg2 Ba6 8. c4 Bb7 9. Nc3 Nc6 10. e5 Nd7 11. O-O Be7 12. Rd1 Qc8 13. Nb5 O-O 14. Bg5 Bxg5 15. Nd6 Qc7 16. Nxg5 h6 17. Nf3 Rad8 18. Nb5 Qb8 19. Re1 a6 20. Nd6 Ba8 21. Rad1 Ndxe5 22. Nxe5 Rxd6 23. Nd7 Rxd7 24. Rxd7 Nd4 25. Qe5 Bxg2 26. Kxg2 Qa8+ 27. Qe4 Qe8 28. Qb7 b5 29. b4 cxb4 30. Rxd4 1-0


[Site "https://www.chess.com"]